 Dungeon Crawl Stone Soup version 0.31-a0-267-g3fc6992b3b (webtiles) character file.

Game seed: 18367158266140617340

550 qw the Shooter (level 7, -3/60 HPs)
             Began as a Minotaur Hexslinger on July 13, 2023.
             Slain by an ice beast (14 damage)
             ... on level 5 of the Dungeon.
             The game lasted 00:01:23 (3551 turns).

qw the Shooter (Minotaur Hexslinger)                Turns: 3551, Time: 00:01:23

Health: -3/60      AC:  5    Str: 13    XL:     7   Next: 7%
Magic:  7/7        EV: 11    Int: 10    God:
Gold:   269        SH:  0    Dex: 14    Spells: 7/8 levels left

rFire   . . .        Y - +1 sling
rCold   . . .        (no shield)
rNeg    . . .        i - +0 ring mail
rPois   .            (helmet restricted)
rElec   .            (no cloak)
rCorr   .            (no gloves)
SInv    .            (no boots)
Will    .....        (no amulet)
Stlth   +            (no ring)
HPRegen 0.30/turn    (no ring)
MPRegen 0.10/turn

%: no passive effects
@: no status effects
A: horns 2, retaliatory headbutt
a: no special abilities


You were on level 5 of the Dungeon.
You visited 1 branch of the dungeon, and saw 5 of its levels.

You collected 269 gold pieces.


Innate Abilities, Weirdness & Mutations

You have a pair of horns on your head.
You reflexively headbutt those who attack you in melee.


   Skills:
 - Level 4.3 Fighting
 + Level 7.4 Ranged Weapons
 - Level 1.2 Armour
 - Level 2.1 Dodging
 - Level 1.0 Spellcasting
 - Level 2.0 Hexes


You had 7 spell levels left.
You knew the following spells:

 Your Spells              Type           Power      Damage    Failure   Level
a - Slow                  Hex            16%        N/A       32%         1

Your spell library contained the following spells:

 Spells                   Type           Power      Damage    Failure   Level
 Inner Flame              Hex/Fire       2%         N/A       82%         3
 Portal Projectile        Hex/Tloc       4%         N/A       82%         3
 Cause Fear               Hex            2%         N/A       97%         4

Inventory:

Hand Weapons
 Y - a +1 sling (weapon)
Armour
 i - a +0 ring mail (worn)
Jewellery
 b - a ring of willpower
Scrolls
 a - a scroll of teleportation
 d - 2 scrolls of identify
 g - a scroll of enchant armour {unknown}
Potions
 c - a potion of mutation
 e - a potion of lignification {unknown}
 f - a potion of heal wounds {unknown}

Dungeon Overview and Level Annotations

Branches:
Dungeon (5/15)
 Temple: D:4-7

Altars:
Kikubaaqudgha


Message History

You shoot a sling bullet.
The sling bullet closely misses the ice beast.
You shoot a sling bullet.
The sling bullet closely misses the ice beast.
You shoot a sling bullet.
The sling bullet barely misses the ice beast.
You shoot a sling bullet.
The sling bullet barely misses the ice beast.
The ice beast barely misses you.
You shoot a sling bullet. The sling bullet hits the ice beast.
The ice beast is lightly wounded.
The ice beast hits you. The ice beast freezes you.
You shoot a sling bullet. The sling bullet hits the ice beast.
The ice beast is lightly wounded.
The ice beast hits you. The ice beast freezes you! The ice beast hits you.
The ice beast freezes you!
You shoot a sling bullet. The sling bullet hits the ice beast.
The ice beast is lightly wounded.
The ice beast misses you.
You shoot a sling bullet. The sling bullet hits the ice beast.
The ice beast is moderately wounded.
The ice beast hits you but does no damage.
You shoot a sling bullet.
The sling bullet barely misses the ice beast.
The ice beast hits you. The ice beast freezes you.
You shoot a sling bullet.
The sling bullet hits the ice beast but does no damage.
The ice beast is moderately wounded.
The ice beast barely misses you. You furiously retaliate!
You headbutt the ice beast. You shoot a sling bullet.
The sling bullet hits the ice beast but does no damage.
The ice beast is moderately wounded.
The ice beast hits you but does no damage.
You shoot a sling bullet.
The sling bullet hits the ice beast but does no damage.
The ice beast is moderately wounded.
The ice beast hits you. The ice beast freezes you! The ice beast hits you.
The ice beast freezes you!
You die...

#.#..#.######.#
#.#...###.....# ..
#.#..## #.....###.
#.#..# #.........
#.#..####....##.# #
#...............##.#
###.................
#.###.........##.#
#.#####...@Y.....#
#..........#.###..
#######....# ..
#...... /.. ########
###


You could see an ice beast.

Vanquished Creatures
  2 ogres
  2 scorpions (D:4)
  An orc priest (D:4)
  A jelly (D:5)
  An iguana (D:4)
  Ijyb (D:5)
  5 adders
  An ufetubus (D:4)
  2 worms
  7 orcs
  4 endoplasms
  10 giant cockroaches
  9 goblins
  10 hobgoblins
  5 jackals
  7 quokkas
  3 ball pythons (D:4)
  7 bats
  3 frilled lizards (D:1)
  12 kobolds
  5 rats
98 creatures vanquished.

Notes
Turn   | Place    | Note
-------+----------+-------------------------------------------
     0 | D:1      | qw the Minotaur Hexslinger began the quest for the Orb.
     0 | D:1      | Reached XP level 1. HP: 16/16 MP: 1/1
     0 | D:1      | 0 ||| qw: Version: 0.3-a-52-g30416fa
     0 | D:1      | 0 ||| qw: Game counter: 7711
     0 | D:1      | 0 ||| qw: Melee chars always use a shield: true
     0 | D:1      | 0 ||| qw: God list: Okawaru
     0 | D:1      | 0 ||| qw: Allow faded altars: false
     0 | D:1      | 0 ||| qw: Do Orc after clearing Dungeon:15 true
     0 | D:1      | 0 ||| qw: Do second Lair branch before Depths: true
     0 | D:1      | 0 ||| qw: Lair rune preference: random
     0 | D:1      | 0 ||| qw: Goals: Normal
     0 | D:1      | 0 ||| PLANNING D:1-11
   138 | D:1      | Reached skill level 3 in Ranged Weapons
   138 | D:1      | Reached XP level 2. HP: 23/23 MP: 2/2
   173 | D:1      | HP: 6/24 [frilled lizard (3)]
   535 | D:1      | Reached XP level 3. HP: 29/29 MP: 3/3
   846 | D:1      | Reached skill level 4 in Ranged Weapons
   930 | D:1      | 930 ||| READING scroll labelled XOTUTHR EROIB.
   931 | D:1      | 931 ||| READING scroll labelled YTEKOF OLOUSU.
   932 | D:1      | 932 ||| DROPPING scroll of poison.
  1354 | D:2      | Reached XP level 4. HP: 33/36 MP: 4/4
  1413 | D:2      | 1413 ||| UPGRADING to +0 leather armour.
  1423 | D:2      | 1423 ||| DROPPING +0 robe.
  1424 | D:2      | 1424 ||| UPGRADING to +0 ring mail.
  1434 | D:2      | 1434 ||| DROPPING +0 leather armour.
  1435 | D:2      | 1435 ||| READING scroll labelled OTALIXZ ZILIN.
  1436 | D:2      | 1436 ||| READING 2 scrolls labelled JUFFI GEFYNK.
  1437 | D:2      | 1437 ||| READING scroll labelled ZIODAD YSEWYIKH.
  1442 | D:2      | 1442 ||| READING scroll labelled HEIPHE NEBOSI.
  1742 | D:3      | Reached skill level 1 in Armour
  2145 | D:3      | 2145 ||| READING scroll labelled RUEV VEIDA.
  2181 | D:4      | HP: 7/36 [orc/+0 whip (3)]
  2182 | D:4      | 2182 ||| READING scroll of teleportation.
  2184 | D:4      | Reached skill level 5 in Ranged Weapons
  2184 | D:4      | Reached XP level 5. HP: 7/41 MP: 5/5
  2184 | D:4      | Found an ancient bone altar of Kikubaaqudgha.
  2436 | D:4      | Reached skill level 3 in Fighting
  2546 | D:4      | Noticed an ogre
  2550 | D:4      | Killed an ogre
  2551 | D:4      | Reached skill level 6 in Ranged Weapons
  2551 | D:4      | Reached XP level 6. HP: 24/51 MP: 6/6
  2696 | D:4      | HP: 13/53 [poisoned by a scorpion]
  2701 | D:4      | HP: 9/53 [poisoned by a scorpion]
  3179 | D:4      | 3179 ||| READING 2 scrolls of identify.
  3179 | D:4      | 3179 ||| IDENTIFYING yellow potion
  3211 | D:5      | Entered Level 5 of the Dungeon
  3234 | D:5      | Noticed Ijyb
  3244 | D:5      | Killed Ijyb
  3452 | D:5      | Reached skill level 7 in Ranged Weapons
  3452 | D:5      | Reached XP level 7. HP: 60/60 MP: 7/7
  3551 | D:5      | HP: 12/60 [ice beast (9)]
  3551 | D:5      | Slain by an ice beast

Levels and vault maps discovered:
D:1:      denvon_arrival_planthouse, layout_basic
D:2:      layout_rooms, hangedman_abyss_or_decor_lesser_grid,
          minmay_split_cup_large
D:3:      layout_basic, grunt_decor_one_mirror
D:4:      layout_rooms, nicolae_kikubaaqudgha_miasma_corner, st_stairs_1,
          chequers_serial_rivers_small_a
D:5:      layout_loops_ring, temple_green, uniq_ijyb

Skill      XL: |  1  2  3  4  5  6 |
---------------+-------------------+-----
Ranged Weapons | 3 4 5 6 7 |  7.4
Fighting       | 2 3 4 |  4.3
Armour         | 1 |  1.2
Dodging        | |  2.1
Spellcasting   | |  1.0
Hexes          | |  2.0

Action                     |  1- 3 |  4- 6 |  7- 9 || total
---------------------------+-------+-------+-------++-------
   Fire: Sling             |   172 |   165 |    13 ||   350
    Use: Scroll            |     2 |     7 |       ||     9
 Armour: Robe              |    27 |       |       ||    27
         Ring mail         |       |    22 |     2 ||    24
  Dodge: Dodged            |    64 |    58 |     3 ||   125

Table legend:
 A = Non-vault XP
 B = Vault XP
 C = Vault XP percentage of total XP
 D = Non-vault monster count
 E = Vault monster count
 F = Vault count percentage of total count
                 A         B        C        D         E       F
            +---------+---------+-------+---------+---------+-------
      Total |     727 |      59 |   7.5 |      91 |       7 |   7.1
            +---------+---------+-------+---------+---------+-------
        D:1 |      63 |       0 |   0.0 |      36 |       0 |   0.0
        D:2 |      31 |       5 |  13.9 |      16 |       4 |  20.0
        D:3 |      50 |       0 |   0.0 |      14 |       0 |   0.0
        D:4 |     420 |      21 |   4.8 |      22 |       2 |   8.3
        D:5 |     163 |      33 |  16.8 |       3 |       1 |  25.0
            +---------+---------+-------+---------+---------+-------
